AoeStats
← sub2myof@vivifanoftv

Arena

510310921Analyzed
4v4 RM · 1d ago on Sep 30, 2026· 45m 41s· 8 players
Game mode
Random Map
Map size
Large (8 player)
Population
200
Speed
Normal
Resources
Standard
Victory
Conquest
Starting age
Dark Age
Ending age
Imperial Age
RankedLock teamsTeams togetherTeam positionsShared explorationLock speedFull tech treeHidden civsTurbo modeCheats
Victory
Defeat
🇩🇪 Persians · Germany
1287
+15
🇧🇪 Danes · Belgium
1247
+17
🇺🇸 Bengalis · United States
1199
+19
🇳🇱 Hindustanis · Netherlands
1078
+24
🇨🇳 Mongols · China
1309
-20
🇦🇹 Goths · Austria
1299
-20
🇭🇰 Danes · Hong Kong SAR China
1247
-18
🇩🇪 Khmer · Germany
1216
-17
iceredtea256
10:44 Feudal Age
10:24 Loom
14:43 Castle Age
13:36 Stone Mining
14:43 Double-Bit Axe
14:41 Horse Collar
15:16 Man-at-Arms
19:21 Heavy Plow
22:42 Bow Saw
26:14 Wheelbarrow
31:16 Imperial Age
29:02 Gold Mining
31:55 Onager
33:39 Hand Cart
35:41 Chemistry
34:51 Siege Engineers
34:34 Pikeman
36:42 Scale Mail Armor
37:38 Chain Mail Armor
37:35 Forging
38:50 Plate Mail Armor
39:25 Squires
39:11 Gambesons
39:13 Arson
39:29 Elite Jomsviking
42:54 Coinage
43:41 Conscription
42:45 Hamask
45:33 Banking
Teufelchen
10:06 Feudal Age
13:49 Castle Age
11:55 Double-Bit Axe
12:05 Horse Collar
14:49 Loom
22:06 Wheelbarrow
21:02 Pikeman
24:15 Scale Mail Armor
24:50 Bow Saw
25:57 Gold Mining
27:44 Hand Cart
31:16 Imperial Age
30:22 Chain Mail Armor
30:19 Forging
31:29 Halberdier
32:46 Iron Casting
31:36 Capped Ram
34:23 Two-Man Saw
34:41 Blast Furnace
33:56 Heavy Plow
34:28 Conscription
35:38 Squires
35:17 Elite Huskarl
37:14 Perfusion
36:41 Man-at-Arms
37:44 Long Swordsman
38:22 Two-Handed Swordsman
41:42 Champion
42:40 Town Watch
44:07 Fletching
44:51 Anarchy
Kirara
8:00 Loom
10:16 Feudal Age
13:50 Castle Age
12:36 Double-Bit Axe
14:28 Horse Collar
22:12 Wheelbarrow
21:39 Gold Mining
22:19 Scale Barding Armor
27:25 Forging
31:17 Husbandry
31:32 Bloodlines
32:19 Stone Mining
32:45 Bow Saw
33:34 Heavy Plow
35:46 Hand Cart
36:48 Fortified Wall
43:17 Imperial Age
_XD_XiaoXiao
11:29 Feudal Age
12:05 Horse Collar
15:06 Castle Age
13:19 Double-Bit Axe
15:08 Light Cavalry
17:32 Wheelbarrow
19:51 Bow Saw
20:51 Stone Mining
21:43 Gold Mining
23:19 Heavy Plow
23:53 Town Watch
23:54 Loom
24:26 Hand Cart
26:28 Gold Shaft Mining
30:05 Imperial Age
28:31 Ballistics
28:37 Fletching
29:03 Fortified Wall
29:15 Bodkin Arrow
29:21 Padded Archer Armor
29:22 Husbandry
29:33 Bloodlines
31:23 Stone Shaft Mining
31:09 Bracer
31:30 Leather Archer Armor
31:38 Conscription
32:25 Chemistry
31:52 Parthian Tactics
31:33 Thumb Ring
31:46 Elite Mangudai
32:50 Scale Barding Armor
32:56 Forging
32:54 Hussar
33:55 Chain Barding Armor
35:16 Iron Casting
38:20 Blast Furnace
Medina90
11:02 Feudal Age
14:58 Castle Age
12:58 Double-Bit Axe
17:29 Horse Collar
18:54 Bow Saw
20:09 Heavy Plow
21:43 Wheelbarrow
22:47 Hand Cart
26:57 Imperial Age
25:08 Gold Mining
25:46 Scale Barding Armor
25:51 Forging
26:34 Scale Mail Armor
27:45 Chain Barding Armor
27:37 Bloodlines
27:28 Husbandry
27:43 Loom
29:25 Two-Man Saw
29:02 Gold Shaft Mining
28:17 Stone Mining
29:49 Heavy Camel Rider
31:26 Plate Barding Armor
31:27 Iron Casting
33:18 Chain Mail Armor
35:13 Shatagni
35:34 Conscription
34:34 Elite Ghulam
35:49 Imperial Camel Rider
37:42 Chemistry
37:03 Ballistics
41:42 Blast Furnace
42:24 Elite Ghulam
45:27 Caravan
Dr_Known
10:33 Feudal Age
11:26 Loom
12:19 Wheelbarrow
14:45 Castle Age
12:35 Horse Collar
13:47 Double-Bit Axe
15:53 Man-at-Arms
17:12 Squires
17:40 Scale Mail Armor
21:17 Forging
21:30 Long Swordsman
22:52 Gambesons
24:41 Chain Mail Armor
30:04 Loom
31:21 Bow Saw
31:12 Heavy Plow
33:59 Hand Cart
34:14 Fletching
34:21 Town Watch
37:47 Imperial Age
35:36 Masonry
35:47 Ballistics
37:31 Iron Casting
36:52 Bodkin Arrow
37:00 Pikeman
37:25 Arson
37:49 Halberdier
39:01 Plate Mail Armor
39:31 Blast Furnace
37:53 Onager
38:43 Siege Engineers
39:39 Chemistry
39:01 Conscription
40:14 Hoardings
40:11 Siege Onager
41:48 Northmen's Fury
sub2myof@vivifanoftv
10:11 Feudal Age
10:56 Loom
15:18 Castle Age
13:37 Double-Bit Axe
14:43 Horse Collar
24:05 Wheelbarrow
24:02 Sanctity
24:42 Bow Saw
25:13 Fervor
32:47 Imperial Age
32:19 Caravan
32:27 Heavy Plow
33:09 Scale Mail Armor
33:39 Hand Cart
34:00 Forging
34:32 Crop Rotation
34:33 Chain Mail Armor
34:50 Man-at-Arms
35:15 Gambesons
36:20 Conscription
36:09 Fletching
36:24 Gold Mining
36:09 Long Swordsman
38:03 Iron Casting
37:24 Bodkin Arrow
37:27 Murder Holes
37:53 Ballistics
38:44 Two-Man Saw
38:31 Masonry
37:49 Two-Handed Swordsman
39:21 Siege Engineers
39:57 Bracer
40:14 Redemption
41:12 Guilds
40:38 Champion
43:40 Illumination
44:00 Paiks
45:35 Blast Furnace
44:55 Stone Mining
45:23 Squires
Musti-1997
11:04 Feudal Age
14:31 Castle Age
12:41 Double-Bit Axe
12:54 Horse Collar
15:21 Wheelbarrow
15:25 Bow Saw
21:46 Heavy Plow
22:03 Loom
23:57 Hand Cart
24:47 Gold Mining
24:48 Stone Mining
24:54 Stone Mining
30:19 Imperial Age
28:24 Forging
28:20 Scale Barding Armor
29:42 Stone Shaft Mining
29:44 Gold Shaft Mining
29:55 Iron Casting
30:46 Chain Barding Armor
31:00 Conscription
30:13 Elite War Elephant
32:15 Blast Furnace
31:56 Bloodlines
31:47 Husbandry
33:10 Fletching
33:58 Plate Barding Armor
34:12 Bodkin Arrow
39:42 Light Cavalry
41:16 Hussar
Connection lost

Rejoining the realm…

Still unreachable

The connection could not be restored.

Session expired

The server has moved on; the page needs a fresh start.